 Dungeon Crawl Stone Soup version 0.29.1-13-g9f3cf754e1 (webtiles) character file.

Game seed: 9816224271712170730

5 raph the Gusty (level 1, 0/14 HPs)
             Began as a Draconian Air Elementalist on Jan 28, 2023.
             Slain by a jackal (2 damage)
             ... on level 1 of the Dungeon.
             The game lasted 00:00:36 (160 turns).

raph the Gusty (Draconian Air Elementalist)          Turns: 160, Time: 00:00:36

Health: 0/14       AC:  4    Str: 10    XL:     1   Next: 66%
Magic:  0/3        EV: 12    Int: 15    God:
Gold:   3          SH:  0    Dex: 11    Spells: 3/4 levels left

rFire   . . .      SeeInvis .   (no weapon)
rCold   . . .      Faith    .   (no shield)
rNeg    . . .      Spirit   .   (body armour unavailable)
rPois   .          Reflect  .   (helmet restricted)
rElec   .          Harm     .   (no cloak)
rCorr   .          Rampage  .   (no gloves)
Will    .....                   (no boots)
Stlth   ++........              (no amulet)
HPRegen 0.04/turn               (no ring)
MPRegen 0.08/turn               (no ring)

@: very slightly contaminated
A: AC +4, unfitting armour, cold-blooded
a: no special abilities


You were on level 1 of the Dungeon.
You visited 1 branch of the dungeon, and saw 1 of its levels.

You collected 3 gold pieces.

Inventory:

Scrolls
 b - 2 scrolls of identify {unknown}


   Skills:
 + Level 1.8 Dodging
 + Level 1.8 Stealth
 + Level 2.0 Spellcasting
 + Level 1.1 Conjurations
 * Level 3.1 Air Magic


You had 3 spell levels left.
You knew the following spells:

 Your Spells              Type           Power      Damage    Failure   Level
a - Shock                 Conj/Air       28%        1d4       10%         1

Your spell library contained the following spells:

 Spells                   Type           Power      Damage    Failure   Level
 Static Discharge         Conj/Air       7%         3-4/arc   14%         2
 Swiftness                Air            10%        N/A       19%         3
 Portal Projectile        Hex/Tloc       2%         N/A       54%         3
 Tukima's Dance           Hex            1%         N/A       54%         3
 Airstrike                Air            5%         2d(1-17)  52%         4
 Blade Hands              Tmut           0%         N/A       99%         5


Dungeon Overview and Level Annotations

Branches:
Dungeon (1/15)

Altars:


Innate Abilities, Weirdness & Mutations

Your plain brown scales are hard. (AC +4)
You cannot fit into any form of body armour.
You are cold-blooded and may be slowed by cold attacks.


Message History

Nothing appears to happen.
The jackal bites you but does no damage.
Magic courses through your body. The jackal misses you.
The jackal bites you but does no damage.
Aiming: Shock (safe; 10% risk of failure)
Press: ? - help, Q - select action Shift-Dir - straight line You miscast Shock.
Nothing appears to happen.
The jackal barely misses you.
Aiming: Shock (safe; 10% risk of failure)
Press: ? - help, Q - select action Shift-Dir - straight line The zap hits the jackal.
The jackal is almost dead.
The zap hits the jackal.
You kill the jackal!
The zap misses the jackal.
The zap hits the jackal.
The jackal is moderately wounded.
The jackal misses you.
The jackal bites you but does no damage.
Aiming: Shock (safe; 10% risk of failure)
Press: ? - help, Q - select action Shift-Dir - straight line The zap hits the jackal.
You kill the jackal!
The zap hits the jackal.
The jackal is heavily wounded.
The zap hits the jackal.
The jackal is almost dead.
You don't have enough magic to cast this spell.
Unknown command.
The jackal attacks as you move away! The jackal barely misses you.
The jackal bites you but does no damage.
You aren't carrying any potions.
The jackal attacks as you move away!
The jackal bites you but does no damage. x2
Aiming: Shock (safe; 10% risk of failure)
Press: ? - help, Q - select action Shift-Dir - straight line, f - jackal
Aim: a jackal (heavily wounded, 60% to hit)
You miscast Shock.
Nothing appears to happen.
The jackal barely misses you. The jackal bites you.
You die...

#########.#
#........#....###
# #.#
#.######.#....###
# #.# #.#
#.#....... #.#
#.# #.#....###
#†# #.#
#.####.### #†#
#.# #........#
#.# #.#
######..##
#.#######.# #..##
#.....hh@.# #....
########### #.###
#.... #####


You could see 2 jackals.

Vanquished Creatures
  A hobgoblin (D:1)
  2 jackals (D:1)
  A quokka (D:1)
4 creatures vanquished.

Notes
Turn   | Place    | Note
-------+----------+-------------------------------------------
     0 | D:1      | raph the Draconian Air Elementalist began the quest for the
                  | Orb.
     0 | D:1      | Reached XP level 1. HP: 14/14 MP: 3/3
   160 | D:1      | Slain by a jackal

Illustrated notes

Levels and vault maps discovered:
D:1:      amcnicky_arrival_gap_in_the_tavern_cellar, layout_basic,
          basic_ecumenical_altar, minivault_19

Action                   || total
-------------------------++-------
Melee: Unarmed           ||     8
       Tailslap          ||     1
 Cast: Shock             ||     9
  Use: Potion            ||     1
Armor: Skin              ||    10
Dodge: Dodged            ||    13
